 Dungeon Crawl Stone Soup version 0.27-a0-1324-ge0d8e047f6 (webtiles) character file.

Game seed: 5696489473582021471

616 HAL9000 the Covert (level 7, -9/34 HPs)
             Began as a Vine Stalker Brigand on June 22, 2021.
             Mangled by FullyGoyle's ghost (13 damage)
             ... on level 5 of the Dungeon on June 23, 2021.
             The game lasted 00:08:28 (4230 turns).

HAL9000 the Covert (Vine Stalker Brigand)           Turns: 4230, Time: 00:08:29

Health: -9/34      AC:  6    Str: 15    XL:     7   Next: 45%
Magic:  0/8        EV: 11    Int: 11    God:
Gold:   237        SH:  0    Dex: 16    Spells: 6/6 levels left

rFire    . . .     SeeInvis .   x - +3 dagger (holy)
rCold    . . .     Faith    .   (no shield)
rNeg     . . .     Spirit   +   b - +0 robe
rPois    .         Reflect  .   o - +1 hat
rElec    .         Harm     .   c - +0 cloak
rCorr    .         Rampage  .   w - +0 pair of gloves {archery}
Will     .....                  r - +0 pair of boots
Stlth    ++++......             (no amulet)
HPRegen  1.11/turn              (no ring)
MPRegen  0.11/turn              (no ring)

@: no status effects
A: fangs 2, regeneration 1, magic shield, antimagic bite, no potion heal 2
a: no special abilities


You were on level 5 of the Dungeon.
You visited 1 branch of the dungeon, and saw 5 of its levels.

You collected 237 gold pieces.

Inventory:

Hand Weapons
 j - a +3 dagger
 x - a +3 dagger of holy wrath (weapon)
Missiles
 d - 13 poisoned darts (quivered)
 e - 2 curare-tipped darts
 p - a throwing net
 u - 8 atropa-tipped darts
 v - 2 boomerangs
Armour
 b - a +0 robe (worn)
 c - a +0 cloak (worn)
 o - a +1 hat (worn)
 r - a +0 pair of boots (worn)
 w - a +0 pair of gloves of archery (worn)
Jewellery
 f - an amulet of faith
Wands
 t - a wand of flame (4)
Scrolls
 h - 2 scrolls of identify
 s - 2 scrolls of fear
Potions
 g - 2 potions of curing
 i - 2 potions of might {unknown}
 l - a potion of flight {unknown}
 m - a potion of haste {unknown}
 q - a potion of heal wounds {unknown}


   Skills:
 - Level 1.7 Fighting
 + Level 3.1 Short Blades
 - Level 4.3 Throwing
 - Level 0.7 Dodging
 - Level 9.0 Stealth


You had 6 spell levels left.
You didn't know any spells.
Your spell library contained the following spells:

 Spells                   Type           Power      Damage    Failure   Level
 Animate Skeleton         Necr           0%         N/A       34%         1
 Apportation              Tloc           0%         N/A       34%         1
 Corona                   Hex            0%         N/A       34%         1
 Pain                     Necr           0%         1d4       34%         1
 Summon Small Mammal      Summ           0%         N/A       34%         1
 Stone Arrow              Conj/Erth      0%         3d7       71%         3
 Vampiric Draining        Necr           0%         2d6       71%         3
 Animate Armour           Summ/Erth      0%         N/A       98%         4
 Animate Dead             Necr           0%         N/A       98%         4
 Agony                    Necr           0%         N/A       100%        5
 Iron Shot                Conj/Erth      0%         9d1       100%        6
 Ozocubu's Refrigeration  Ice            0%         4d5       100%        7


Dungeon Overview and Level Annotations

Branches:
Dungeon (5/15)             Temple (0/1) D:5

Altars:

Shops:
D:1 [

Annotations:
D:5 FullyGoyle's ghost, novice GrFi


Innate Abilities, Weirdness & Mutations

You have extremely sharp teeth.
Your natural rate of healing is unusually fast.
When hurt, damage is shared between your health and your magic reserves.
Your bite disrupts and absorbs the magic of your enemies.
Potions cannot restore your health.


Message History

The iguana hisses angrily.
FullyGoyle's ghost hits you. FullyGoyle's ghost burns you.
As you read the scroll of fear, it crumbles to dust.
You assume a fearsome visage.
The phantom is unaffected.
The iguana looks frightened!
FullyGoyle's ghost is unaffected.
FullyGoyle's ghost closely misses you.
Unknown command.
As you read the scroll labelled GIUCEW ISIBRY, it crumbles to dust.
Your body is wracked with pain!
The iguana convulses!
It was a scroll of torment.
FullyGoyle's ghost hits you!
* * * LOW HITPOINT WARNING * * *
FullyGoyle's ghost burns you.
* * * LOW HITPOINT WARNING * * *
Unknown command.
As you read the scroll labelled RIETHAE XA BUOT, it crumbles to dust.
You feel aware of your surroundings.
You sensed 3 altars, and 1 shop/portal.
It was a scroll of magic mapping.
FullyGoyle's ghost hits you but does no damage.
As you read the scroll labelled YRUSSE AREOPP, it crumbles to dust.
It is a scroll of enchant weapon.
Really abort (and waste the scroll)? [Y]es or [N]o only, please.
Really abort (and waste the scroll)?
Your +2 dagger of holy wrath glows red for a moment.
FullyGoyle's ghost hits you.
* * * LOW HITPOINT WARNING * * *
FullyGoyle's ghost burns you.
Unknown command.
Your +3 dagger of holy wrath softly glows with a divine radiance!
x - a +3 dagger of holy wrath (weapon)
Unknown command.
It was a potion of curing.
That felt strangely inert.
FullyGoyle's ghost hits you.
* * * LOW HITPOINT WARNING * * *
FullyGoyle's ghost burns you.
* * * LOW HITPOINT WARNING * * *
Unknown command.
You hit FullyGoyle's ghost but do no damage.
FullyGoyle's ghost hits you!
You die...

**********###
*,,,,,,,,,..#
*,********#.#
*,* #.# *,* #.#
*,* #.# *,* #<#
*,* #W# *,* #@#
*,* #.# *,* #.#
***,** #.#
*,,,,* #W#
*,*,,* #.#
****,*,,* ###
,,,,,,,,*
****,*,*********


You could see a phantom (dormant) and FullyGoyle's ghost.

Vanquished Creatures
  A necrophage (D:4)
  Blork the orc (D:4)
  A kobold brigand (D:4)
  A jelly (D:4)
  A centaur skeleton (D:4)
  A hound (D:4)
  A bullfrog skeleton (D:4)
  Natasha (D:3)
  An iguana (D:4)
  2 orc wizards (D:4)
  Robin (D:3)
  4 gnolls (D:3)
  4 adders
  2 worms
  2 dart slugs (D:1)
  6 orcs
  4 ball pythons
  13 bats
  8 endoplasms
  2 giant cockroaches (D:2)
  13 goblins
  6 hobgoblins
  5 jackals
  4 quokkas
  4 frilled lizards
  8 kobolds
  9 rats
106 creatures vanquished.

Vanquished Creatures (others)
  22 plants (D:4)
22 creatures vanquished.

Grand Total: 128 creatures vanquished

Notes
Turn   | Place    | Note
-------+----------+-------------------------------------------
     0 | D:1      | HAL9000 the Vine Stalker Brigand began the quest for the
                  | Orb.
     0 | D:1      | Reached XP level 1. HP: 11/11 MP: 2/2
    73 | D:1      | Identified the Incunabulum of the Dusty Snowflakes
   251 | D:1      | Reached XP level 2. HP: 14/15 MP: 1/3
   811 | D:1      | Reached XP level 3. HP: 18/18 MP: 4/4
   940 | D:1      | Found Xulu's Armour Emporium.
  1999 | D:2      | Gained mutation: Your natural rate of healing is unusually
                  | fast. [Vine Stalker growth]
  1999 | D:2      | Reached XP level 4. HP: 17/23 MP: 3/5
  2733 | D:3      | Reached skill level 5 in Stealth
  2760 | D:3      | Reached XP level 5. HP: 26/26 MP: 3/6
  2847 | D:3      | Noticed Robin
  2897 | D:3      | Killed Robin
  2898 | D:3      | Reached skill level 6 in Stealth
  3396 | D:3      | Noticed Natasha
  3404 | D:3      | Killed Natasha
  3722 | D:4      | Reached XP level 6. HP: 30/30 MP: 5/7
  3758 | D:4      | Noticed Blork the orc
  3768 | D:4      | Killed Blork the orc
  3769 | D:4      | Reached skill level 7 in Stealth
  3933 | D:4      | Reached skill level 8 in Stealth
  3934 | D:4      | Noticed a necrophage
  4014 | D:4      | Killed a necrophage
  4015 | D:4      | Reached skill level 9 in Stealth
  4015 | D:4      | Reached XP level 7. HP: 34/34 MP: 8/8
  4181 | D:4      | Found a runed translucent door.
  4185 | D:4      | Noticed FullyGoyle's ghost (novice GrFi)
  4201 | D:4      | Upgraded the game from 0.27-a0-1321-gd358eaa319 to
                  | 0.27-a0-1324-ge0d8e047f6
  4220 | D:5      | Entered Level 5 of the Dungeon
  4230 | D:5      | Mangled by FullyGoyle's ghost

Illustrated notes

Levels and vault maps discovered:
D:1:      minmay_arrival_stone_box, layout_basic, serial_shops, shop,
          hangedman_decor_diamond_cutter, chequers_serial_rivers_large_a,
          lemuel_another_geyser
D:2:      layout_loops_ring, minmay_domino_4
D:3:      kb_forest_paths, layout_basic, uniq_robin, uniq_natasha
D:4:      layout_basic, ebering_ghost_inner_flame, serial_bayou_lagoon_b,
          uniq_blork_the_orc
D:5:      layout_basic, fedhas_bush_and_centaur_altar, xom_butterflies,
          lemuel_doored_altar, minmay_temple_entry_overgrown, enter_ossuary_5,
          st_stairs_1, uniq_crazy_yiuf_cottage, uniq_duvessa

Skill      XL: |  1  2  3  4  5  6  7 |
---------------+----------------------+-----
Throwing       | 2 3 4 |  4.3
Stealth        | 5 6 9 |  9.0
Short Blades   | 3 |  3.1
Fighting       | |  1.7
Dodging        | |  0.7

Action                   |  1- 3 |  4- 6 |  7- 9 || total
-------------------------+-------+-------+-------++-------
Melee: Dagger            |   100 |   118 |    26 ||   244
       Bite              |    28 |    24 |     7 ||    59
Throw: Dart              |     5 |    55 |     5 ||    65
Evoke: Wand              |       |     5 |       ||     5
  Use: Scroll            |       |       |     5 ||     5
       Potion            |       |       |     1 ||     1
 Stab: Sleeping          |    16 |     6 |     2 ||    24
       Distracted        |       |     1 |       ||     1
Armor: Robe              |    29 |    44 |     4 ||    77
Dodge: Dodged            |    58 |    75 |     7 ||   140

Table legend: (Time is in decaauts)
 A = Elapsed time spent in this place.
 B = Non-inter-level travel time spent in this place.
 C = Inter-level travel time spent in this place.
 D = Time resting spent in this place.
 E = Time spent auto-exploring this place.
 F = Levels seen in this place.
 G = Mean time per level.
                   A        B        C        D        E       F      G
               +--------+--------+--------+--------+--------+-----+--------+
         Total |   4219 |   4149 |     70 |    229 |   3097 |   5 |  843.8 |
       Dungeon |   4219 |   4149 |     70 |    229 |   3097 |   5 |  843.8 |
               +--------+--------+--------+--------+--------+-----+--------+

Top non-repeatable levels by time:
     D:1: 1635 daAuts
     D:3: 1261 daAuts
     D:2: 675 daAuts
     D:4: 637 daAuts
     D:5: 9 daAuts
